[Event "Early-Titled-Tuesday-Blitz-February-13-2024"]
[Site "Chess.com"]
[Date "2024.02.13"]
[Round "4"]
[White "Witik"]
[Black "maicolbenavides"]
[Result "0-1"]
[WhiteElo "2699"]
[BlackElo "2522"]
[TimeControl "180+1"]
[EndTime "8:43:56 PST"]
[Termination "maicolbenavides won by resignation"]

1. e4 c5 2. Nf3 d6 3. d4 cxd4 4. Nxd4 Nf6 5. Nc3 a6 6. h3 e5 7.
Nf3 b5 8. Bg5 Bb7 9. a4 b4 10.
Bxf6 Qxf6 11. Nd5 Qd8 12. Bc4 Nd7 13. a5 Rc8 14. Qe2 Nc5 15. Nd2 Bxd5 16. Bxd5 Be7 17. Nc4 O-O 18. g3 Kh8 19. O-O f5 20. exf5 Rxf5 21.
Nb6 Rb8 22. Bg2 e4 23. Rfd1 Qf8 24. Nd5 Bd8 25. Bxe4 Nxe4 26. Qxe4 Rxf2 27. Rf1 Rxf1+ 28. Rxf1 Qg8 29. b3 Rb5 30. Nf4 Re5 31. Qd3 Bxa5 32. Qxa6 Qd8 33. Qd3 Bb6+ 34. Kg2 Re3 35. Qd5 h6 36. h4 Qe8 37. h5 Qe4+ 38. Qxe4 Rxe4 39. Rd1 Bc5 40. Kf3 Re5 41. Kg4 Kg8 42. Rd3 Rg5+ 43.
Kf3 Kf7 44. g4 Re5 45. Ng6 Re8 46. Rd5 Re3+ 47. Kf4 Re2 48. Rf5+ Ke8 49. Rf8+ Kd7 50. Rf7+ Kc6 51. Rxg7 Rxc2 52. Ne7+ Kb5 53. Nf5 Rc3 54.
Nxh6 Be3+ 55. Kf5 Bxh6 56. Rg6 Bd2 57. Rxd6 Be3 58. Rd5+ Kc6 59. Re5 Rxb3 60. g5 Bd4 61. Re8 Rf3+ 62. Ke4 Re3+ 0-1

[Event "Early-Titled-Tuesday-Blitz-February-13-2024"]
[Site "Chess.com"]
[Date "2024.02.13"]
[Round "4"]
[White "Payyappat"]
[Black "Fighterman91"]
[Result "1-0"]
[WhiteElo "2568"]
[BlackElo "2757"]
[TimeControl "180+1"]
[EndTime "8:43:57 PST"]
[Termination "Payyappat won by resignation"]

1. e4 Nf6 2. e5 Nd5 3. c4 Nb6 4.
c5 Nd5 5. Nc3 e6 6. d4 b6 7.
Nxd5 exd5 8. cxb6 axb6 9. f4 Bb4+ 10. Bd2 Bxd2+ 11. Qxd2 d6 12. Nf3 Bf5 13. Bd3 Be4 14.
O-O O-O 15. Ng5 dxe5 16. dxe5 Ra4 17. Bxe4 dxe4 18. Qc2 Qd4+ 19. Kh1 Rc4 20. Rad1 Rxc2 21. Rxd4 e3 22. Re4 h6 23. Nf3 Rxb2 24. Rxe3 Rxa2 25. f5 Re8 26. Rfe1 Nd7 27. e6 fxe6 28. fxe6 Nc5 29. e7 Ra4 30. g3 Rb4 31. Nh4 Rd4 32.
Ng6 Rd6 33. Nf4 Rd7 34. Ng6 c6 35. Rf1 Kh7 36. Nf8+ Kg8 37. Nxd7 Nxd7 38. Re6 Nf6 39. Rc1 Kf7 40. Rcxc6 b5 41. Re5 Rxe7 42. Rxe7+ Kxe7 43. Rb6 Kf7 44. Kg2 Kg6 45. Kf3 Kh7 46. Rxb5 Ne8 47.
Kf4 Nf6 48. Kf5 Nh5 49. Rb6 g5 50. g4 Ng7+ 51. Kf6 Ne8+ 52. Ke7 Nc7 53. Rd6 Nb5 54. Rd3 Na7 55. Kd7 Nb5 56. Kc6 Na7+ 57. Kd7 Nb5 58.
Kc8 h5 59. Kb7 hxg4 60. Kb6 g3 61. hxg3 Na3 62. Rxa3 Kg6 63. Kc5 Kh5 64. Kd5 Kg4 65.
Ke4 Kh3 66. Kf5 g4 67. Kf4 Kh2 68. Ra8 Kh3 69. Rh8+ 1-0

[Event "Early-Titled-Tuesday-Blitz-February-13-2024"]
[Site "Chess.com"]
[Date "2024.02.13"]
[Round "4"]
[White "SirGerhard"]
[Black "DIMONBANAN"]
[Result "1/2-1/2"]
[WhiteElo "2802"]
[BlackElo "2578"]
[TimeControl "180+1"]
[EndTime "8:43:58 PST"]
[Termination "Game drawn - insufficient material"]

1. d4 d5 2. c4 e6 3. Nf3 Nf6 4.
g3 dxc4 5. Bg2 c5 6. O-O Nc6 7.
Ne5 Bd7 8. Nxc6 Bxc6 9. Bxc6+ bxc6 10. dxc5 Qxd1 11. Rxd1 Bxc5 12. Nc3 O-O 13. Bg5 Nd5 14. Rac1 h6 15. Bd2 Rab8 16. Na4 Bb4 17. Rxc4 Bxd2 18. Rxd2 Nb6 19. Nxb6 Rxb6 20. b3 Rfb8 21. Rd7 R8b7 22. Rxb7 Rxb7 23. Rxc6 Kf8 24. Kf1 Ke7 25. e4 a5 26. Ra6 Rb5 27. Ke2 g5 28. h3 h5 29.
f4 h4 30. Kf3 hxg3 31. Kxg3 gxf4+ 32. Kxf4 Kf6 33. h4 Kg6 34. Ra8 Rh5 35. Kg4 Re5 36.
h5+ Kh6 37. Kf4 Rb5 38. Ra7 f6 39. Ra6 Re5 40. a4 Kxh5 41. Rb6 Kg6 42. Rb5 Rg5 43. Rb6 Re5 44. Rb5 Rg5 45. Ke3 Kf7 46. Rb7+ Kg6 47. Kd4 f5 48. Rb6 Kf6 49. e5+ Kf7 50. Rb7+ Kg6 51. Re7 Rg4+ 52. Kc5 Rb4 53. Rxe6+ Kg5 54.
Ra6 Rxb3 55. Rxa5 Re3 56. Kd6 f4 57. e6+ Kf6 58. Kd7 Rxe6 59. Ra8 Re1 60. Rf8+ Kg5 61. Kc6 Ra1 62. Kb5 Kg4 63. a5 f3 64. a6 Kg3 65. Kb6 f2 66. Kb7 Ra4 67. a7 Rb4+ 68. Ka6 Ra4+ 69. Kb7 Rxa7+ 70. Kxa7 Kg2 71. Kb6 f1=Q 72.
Rxf1 Kxf1 1/2-1/2

[Event "Early-Titled-Tuesday-Blitz-February-13-2024"]
[Site "Chess.com"]
[Date "2024.02.13"]
[Round "4"]
[White "sharkarton"]
[Black "Hui_Li_Macau"]
[Result "1-0"]
[WhiteElo "2542"]
[BlackElo "2358"]
[TimeControl "180+1"]
[EndTime "8:44:00 PST"]
[Termination "sharkarton won by resignation"]

1. e4 e5 2. Nf3 Nf6 3. Nxe5 d6 4.
Nf3 Nxe4 5. Nc3 Nxc3 6. dxc3 Be7 7. Bd3 Nc6 8. Bf4 Be6 9. Qe2 Qd7 10. O-O O-O 11. Qe4 g6 12. Bh6 Rfe8 13. Rae1 Bf5 14. Qf4 Bxd3 15. cxd3 Bf8 16. h4 Rxe1 17. Rxe1 Re8 18.
Rxe8 Qxe8 19. h5 Ne5 20. Bxf8 Nxf3+ 21. Qxf3 Kxf8 22. Kf1 Qb5 23. hxg6 hxg6 24. b3 Kg7 25. c4 Qb6 26. Qe4 c6 27. g4 Qc5 28. Kg2 Qe5 29. f3 Qxe4 30. fxe4 g5 31. Kf3 Kf6 32. d4 Ke6 33.
Ke3 Kf6 34. b4 Ke6 35. a4 Kf6 36. a5 a6 37. Kd3 Ke6 38. Kc3 Kf6 39. Kb3 Ke6 40. Ka4 Kd7 41. b5 Kc7 42. bxa6 bxa6 43. Kb4 Kd7 44. c5 Kc7 45. cxd6+ Kxd6 46. Kc4 f6 47. Kb4 Kd7 48. Kc5 Kc7 49. d5 cxd5 50.
exd5 Kd7 51. Kc4 Kd6 52. Kd4 Kd7 53. Ke4 Kd6 54. Kf5 Kxd5 55. Kxf6 Kc4 56. Kxg5 Kb5 57. Kf4 Kxa5 58. g5 Kb4 59. g6 a5 60. g7 a4 61.
g8=Q a3 62. Qa2 1-0

[Event "Early-Titled-Tuesday-Blitz-February-13-2024"]
[Site "Chess.com"]
[Date "2024.02.13"]
[Round "4"]
[White "GMKrikor"]
[Black "SpeedofLight0"]
[Result "0-1"]
[WhiteElo "2882"]
[BlackElo "3068"]
[TimeControl "180+1"]
[EndTime "8:44:02 PST"]
[Termination "SpeedofLight0 won on time"]

1. Nf3 d5 2. c4 d4 3. b4 g5 4. h3 Bg7 5. d3 h6 6. g3 e5 7. Bg2 Ne7 8. O-O O-O 9. Nbd2 f5 10.
a4 Be6 11. a5 Nd7 12. a6 b6 13.
Nb3 c6 14. Ra2 Qe8 15. Nh2 Rd8 16. e3 dxe3 17. Bxe3 Nf6 18. Qe2 Ng6 19. Bc1 Qd7 20.
Rd2 f4 21. g4 Nh4 22. Bb2 h5 23. f3 Rfe8 24. Re1 Bf7 25. Qf2 Qd6 26. Bc3 Kh8 27.
Bf1 Qc7 28. Rdd1 Bg6 29. Qb2 Nd7 30. Be2 c5 31. b5 Nf8 32. Nd2 Ne6 33. Ne4 Nd4 34.
Nxg5 Qd7 35. Ne4 Rg8 36. Bxd4 exd4 37. Rf1 Be5 38. Rf2 Rdf8 39. Qd2 Rg7 40. Kh1 Rfg8 41.
Rg1 Qe7 42. Qe1 Be8 43. Rff1 Bd7 44. Qf2 Rg6 45. Qe1 Kh7 46. Qf2 R6g7 47. Qe1 Rg6 48. Qf2 R8g7 49. Re1 Kg8 50. Bd1 Kf8 51. Re2 Ke8 52.
Rge1 Kd8 53. Nd2 Rg5 54. Ne4 R5g6 55. Nxc5 bxc5 56. Rxe5 Qf6 57. Rxc5 Re7 58. Rxe7 Qxe7 59. Rd5 Re6 60. Nf1 Re1 61. Ba4 Kc8 62. b6 Bxa4 63. b7+ Kc7 64. Rxd4 Qe3 65. Qxe3 fxe3 0-1

[Event "Early-Titled-Tuesday-Blitz-February-13-2024"]
[Site "Chess.com"]
[Date "2024.02.13"]
[Round "4"]
[White "Cheer_Down"]
[Black "IngOscarArdila"]
[Result "1-0"]
[WhiteElo "2516"]
[BlackElo "2288"]
[TimeControl "180+1"]
[EndTime "8:44:02 PST"]
[Termination "Cheer_Down won on time"]

1. e4 e5 2. Nf3 Nf6 3. Nxe5 d6 4.
Nf3 Nxe4 5. c4 Be7 6. d4 O-O 7. Bd3 Nf6 8. h3 Re8 9. O-O Nbd7 10. Nc3 Nf8 11. d5 a5 12. b3 N8d7 13. Re1 Nc5 14. Bc2 Bd7 15. Nd4 Bf8 16. Rxe8 Qxe8 17. Be3 g6 18.
Qf3 Bg7 19. Re1 Qf8 20. Ncb5 Bxb5 21. Nxb5 Qe7 22. Bd2 Qd7 23. Bg5 Re8 24. Re2 Rxe2 25. Qxe2 h6 26. Bd2 c6 27. dxc6 bxc6 28. Nc3 d5 29. cxd5 cxd5 30. Qb5 Qc7 31. Bd1 d4 32. Na4 Nxa4 33. Qxa4 Ne4 34. Qxa5 Qc8 35. Bf4 Nc3 36. Bf3 Qe8 37. Kf1 g5 38. Bd2 Qe6 39. Qa8+ Bf8 40. Qc6 Qe5 41. a4 Bg7 42. Qa8+ Bf8 43. Bxc3 dxc3 44.
Qe4 Qc5 45. Qc2 Qb4 46. Be2 Bg7 47. g3 Qa3 48. Kg2 Qa1 49. Bd3 Qa3 50. Bc4 Qb4 51. Qd3 Qb7+ 52. Kh2 Qb6 53. Kg1 Qb7 54. a5 Qa7 55. a6 Bd4 56. Qg6+ Kf8 57. Qxh6+ Ke8 58. Qxg5 1-0

[Event "Early-Titled-Tuesday-Blitz-February-13-2024"]
[Site "Chess.com"]
[Date "2024.02.13"]
[Round "4"]
[White "VladimirKramnik"]
[Black "CSB7"]
[Result "1/2-1/2"]
[WhiteElo "2930"]
[BlackElo "2756"]
[TimeControl "180+1"]
[EndTime "8:44:03 PST"]
[Termination "Game drawn by repetition"]

1. e4 c6 2. d4 d5 3. e5 Bf5 4. h4 h5 5. Bd3 Bxd3 6. Qxd3 Qa5+ 7. c3 e6 8. b4 Qb5 9. Qxb5 cxb5 10. a4 bxa4 11. Rxa4 Ne7 12. Bg5 Nc8 13. Nd2 Nb6 14.
Ra2 N8d7 15. Ngf3 a6 16. Ke2 f6 17. Bf4 Rc8 18. Kd3 Kf7 19. Rb1 Be7 20. b5 axb5 21. Rxb5 Rc6 22. g3 Rhc8 23. Rb3 fxe5 24. Bxe5 Nc4 25.
Bf4 b6 26. Ra7 Nf6 27. Ke2 Nxd2 28. Ne5+ Ke8 29. Bxd2 Rd6 30. f3 Nd7 31. Nxd7 Rxd7 32. Rxd7 Kxd7 33. Rxb6 g6 34. Kd3 Bd6 35. Bf4 Bxf4 36.
gxf4 Rf8 37. Rb7+ Kd6 38. Ke3 Rc8 39. Rb3 Rc7 40. Ra3 Ke7 41. Rb3 Kf6 42. Ra3 Rc8 43.
Kd3 Kf5 44. Ra6 Rc7 45. Rb6 Rc8 46. Rd6 Rc7 47. Rd8 Kf6 48. Rf8+ Kg7 49. Re8 Kf7 50.
Rd8 Kf6 51. Rf8+ Ke7 52. Ra8 Kf6 53. Rb8 Kf7 54. Rb4 Kf6 55. Rb5 Kf5 56. Rb8 Kf6 57.
Rg8 Kf7 58. Rh8 Kg7 59. Rd8 Kf6 1/2-1/2

[Event "Early-Titled-Tuesday-Blitz-February-13-2024"]
[Site "Chess.com"]
[Date "2024.02.13"]
[Round "4"]
[White "JoliyRoger"]
[Black "AlexTruskavetsky"]
[Result "1-0"]
[WhiteElo "2534"]
[BlackElo "2718"]
[TimeControl "180+1"]
[EndTime "8:44:07 PST"]
[Termination "JoliyRoger won by checkmate"]

1. d4 Nf6 2. c4 e6 3. Nc3 d5 4. a3 c6 5. e3 Bd6 6. Nf3 O-O 7. Qc2 Nbd7 8. Bd3 Qe7 9. O-O e5 10.
cxd5 cxd5 11. dxe5 Nxe5 12. Be2 Bg4 13. Nd4 Bxe2 14.
Ncxe2 Rac8 15. Qd1 Qd7 16. Ng3 g6 17. Bd2 h5 18. Nf3 Nxf3+ 19. Qxf3 Be5 20. Rab1 h4 21. Ne2 Ng4 22. g3 hxg3 23. hxg3 Rc6 24. Bc3 Kg7 25.
Rbd1 Rd8 26. Bxe5+ Nxe5 27. Qf4 Qe7 28. Qd4 Rf6 29.
Kg2 Nf3 30. Qc3 Qe4 31. Qb4 Nd4+ 32. f3 Nc6 33. fxe4 Nxb4 34. Rxf6 Kxf6 35. axb4 Rc8 36. Nc3 dxe4 37. Nxe4+ Ke5 38. Nc3 Ke6 39. Rd4 Rh8 40. b5 Rc8 41. g4 Rc5 42. Re4+ Kf6 43. Rf4+ Ke6 44. Kf3 Rc8 45. Re4+ Kd6 46. g5 Rh8 47. Rf4 Ke6 48. Rf6+ Ke7 49. Ne4 Rh3+ 50. Kf4 Rh4+ 51. Ke5 Rg4 52. Rf4 Rg2 53. b3 b6 54.
Nd6 Rxg5+ 55. Nf5+ gxf5 56. Rxf5 Rg2 57. Kd4 Rd2+ 58.
Kc4 Rd6 59. Rd5 Ke6 60. Rh5 Rd1 61. Rh6+ f6 62. Rh7 Rd7 63. Rxd7 Kxd7 64. Kd5 a5 65. bxa6 Kc7 66. b4 b5 67. Kc5 f5 68. Kxb5 f4 69.
exf4 Kb8 70. f5 Kc8 71. f6 Kb8 72. f7 Ka7 73. Kc5 Kxa6 74. f8=Q Ka7 75. Qe7+ Ka6 76. Qe6+ Ka7 77. Kc6 Ka8 78. Qc8+ Ka7 79. Qb7# 1-0

[Event "Early-Titled-Tuesday-Blitz-February-13-2024"]
[Site "Chess.com"]
[Date "2024.02.13"]
[Round "4"]
[White "KacperKacprzak"]
[Black "Perecke"]
[Result "1-0"]
[WhiteElo "2739"]
[BlackElo "2543"]
[TimeControl "180+1"]
[EndTime "8:44:08 PST"]
[Termination "KacperKacprzak won by resignation"]

1. e4 c5 2. Nf3 e6 3. d4 cxd4 4. Nxd4 Nc6 5. Nc3 Qc7 6. Be3 a6 7. a3 b5 8. Nxc6 Qxc6 9. h4 b4 10. axb4 Bxb4 11. Bd3 Nf6 12. h5 Nxe4 13. Qg4 Nxc3 14.
bxc3 Bxc3+ 15. Ke2 Bb7 16. f3 h6 17. Ra3 Bf6 18.
Rb1 a5 19. Rb6 Qc7 20. Rab3 Bd5 21. c4 Bc6 22. Be4 Bxe4 23. Qxe4 O-O 24. c5 a4 25. Ra3 Qh2 26. Qg4 Qe5 27. Rxa4 Rxa4 28. Qxa4 Bg5 29. f4 Qd5 30. fxg5 Qxg2+ 31. Kd3 Ra8 32.
Qb3 Qf1+ 33. Kd2 Ra2+ 34. Kc3 Qa1+ 35. Kc4 Ra4+ 36. Rb4 Rxb4+ 37. Kxb4 Qf1 38. gxh6 gxh6 39. Qc3 Qf5 40. Bxh6 Qg4+ 41. Ka5 Kh7 42. Bf8 Qg8 43. Be7 Qa8+ 44. Kb4 Qb7+ 45. Ka3 Qa8+ 46. Kb2 Qb7+ 47. Kc1 Qh1+ 48. Kc2 Qxh5 49. Qd3+ Kh6 50. Qxd7 Qg6+ 51. Kc3 Qg3+ 52. Kb4 Qg4+ 53. Kb5 Qe2+ 54. Kb6 Qb2+ 55.
Kc7 Qe5+ 56. Bd6 Qf5 57. c6 Kg6 58. Kd8 Qg5+ 59. Qe7 Qa5+ 60. c7 Qb6 61. Qd7 Qa5 62. Ke8 Qh5 63. c8=Q Qh8+ 64. Ke7 Qh4+ 65. Ke8 Qh8+ 66.
Bf8 Qh4 67. Qc2+ f5 68. Qf7+ 1-0

[Event "Early-Titled-Tuesday-Blitz-February-13-2024"]
[Site "Chess.com"]
[Date "2024.02.13"]
[Round "4"]
[White "SkinnyPuppy8"]
[Black "HajiyevKanan"]
[Result "0-1"]
[WhiteElo "2241"]
[BlackElo "2503"]
[TimeControl "180+1"]
[EndTime "8:44:08 PST"]
[Termination "HajiyevKanan won by checkmate"]

1. e4 c6 2. Nc3 d5 3. Nf3 a6 4.
h3 Nf6 5. d3 dxe4 6. Nxe4 Nxe4 7. dxe4 Qxd1+ 8. Kxd1 g6 9. Be3 Bg7 10. Bd4 Bxd4 11. Nxd4 c5 12. Ne2 Nc6 13. c3 Be6 14. Kc2 O-O-O 15. Nf4 Rd6 16. Be2 Bd7 17. Nd5 Be6 18.
Nf4 Kc7 19. Rhd1 Rhd8 20. b3 g5 21. Nd3 c4 22. Nc5 cxb3+ 23. axb3 Bc8 24. c4 Nd4+ 25.
Rxd4 Rxd4 26. Nd3 Rxe4 27. Bf3 Red4 28. Nb4 Bf5+ 29. Kc3 e6 30. Nd5+ R4xd5 31. cxd5 exd5 32. Kd4 Kd6 33. Ra5 Be6 34. b4 Kc6 35. Rc5+ Kb6 36. Be2 Rd6 37. Rc1 Rc6 38. Rc5 Rxc5 39. bxc5+ Kc6 40.
Bd1 f6 41. Ba4+ b5 42. cxb6+ Kxb6 43. Bc2 a5 44. Bxh7 Kb5 45. Bd3+ Kb4 46. Bc2 a4 47. Bb1 Kb3 48. Kc5 a3 49. Kd4 Bf5 50. Bxf5 a2 51.
Kxd5 a1=Q 52. Ke6 Qe5+ 53. Kf7 Qxf5 54. f3 Qf4 55. Kg6 Kc3 56. g3 Qxf3 57. h4 gxh4 58. gxh4 Qg4+ 59. Kxf6 Qxh4+ 60. Ke5 Qd4+ 61. Kf5 Kd3 62.
Ke6 Ke4 63. Kf7 Qd6 64. Kg7 Kf5 65. Kf7 Qd7+ 66. Kg8 Kf6 67. Kh8 Qg7# 0-1

[Event "Early-Titled-Tuesday-Blitz-February-13-2024"]
[Site "Chess.com"]
[Date "2024.02.13"]
[Round "4"]
[White "guillembaches"]
[Black "leschebaza"]
[Result "1-0"]
[WhiteElo "2569"]
[BlackElo "2394"]
[TimeControl "180+1"]
[EndTime "8:44:09 PST"]
[Termination "guillembaches won by resignation"]

1. d4 Nf6 2. Nf3 d5 3. Bg5 Nbd7 4. Nbd2 e6 5. e3 Bd6 6. Bd3 c5 7. c3 O-O 8. O-O h6 9. Bh4 Qc7 10. Qe2 e5 11. dxe5 Bxe5 12. Nxe5 Qxe5 13. Bg3 Qe7 14.
Rad1 Re8 15. Bb1 Ne5 16. c4 Bg4 17. f3 Bh5 18. cxd5 Nxd5 19. Ne4 Rad8 20. Rfe1 b6 21. a3 Qb7 22. Qc2 Bg6 23. Qf2 c4 24.
Rd4 Nd3 25. Bxd3 cxd3 26. Rxd3 Bxe4 27. fxe4 Rxe4 28. Red1 Re7 29. Qd2 Red7 30. Be5 Nf6 31. Rxd7 Rxd7 32. Qc2 Rxd1+ 33. Qxd1 Qe7 34. Qd4 Ne8 35.
Bf4 Kh7 36. Qd3+ g6 37. Qd4 Ng7 38. Qc3 Ne6 39. Be5 Qh4 40. g3 Qe4 41. Bf6 h5 42.
h4 Qf3 43. Be5 Qd1+ 44. Kg2 Qd5+ 45. Kg1 Nc5 46. Qd4 Qxd4 47. Bxd4 Ne6 48. Be5 Kg8 49. Kg2 Kf8 50. Kf3 Ke7 51. Ke4 Nc5+ 52. Kd5 Kd7 53. Bd4 Nd3 54. e4 Ne1 55. Be5 Nf3 56. Bf4 Nh2 57.
b4 Ng4 58. a4 Nf6+ 59. Kd4 Ne8 60. a5 bxa5 61. bxa5 a6 62. Kd5 Nc7+ 63. Bxc7 Kxc7 64.
Ke5 Kc6 65. Kf6 Kb5 66. Kxf7 Kxa5 67. e5 Kb6 68. e6 a5 69. e7 a4 70. e8=Q a3 71. Qe1 a2 72. Qa1 Kc5 73. Kxg6 1-0

[Event "Early-Titled-Tuesday-Blitz-February-13-2024"]
[Site "Chess.com"]
[Date "2024.02.13"]
[Round "4"]
[White "JEIGOTH"]
[Black "verrbaa"]
[Result "1-0"]
[WhiteElo "2259"]
[BlackElo "2482"]
[TimeControl "180+1"]
[EndTime "8:44:10 PST"]
[Termination "JEIGOTH won by resignation"]

1. d4 Nf6 2. Nf3 g6 3. Nc3 d5 4.
Bf4 a6 5. e3 c5 6. dxc5 Qa5 7. Bd3 Bg7 8. O-O Nc6 9. Nd4 Qxc5 10.
Nb3 Qb6 11. Re1 O-O 12. e4 dxe4 13. Bxe4 Nxe4 14. Rxe4 e5 15. Be3 Qd8 16. Bc5 Re8 17. Nd5 Be6 18. Nb6 Qxd1+ 19. Rxd1 Rad8 20. Ree1 f5 21. c3 Kf7 22. f3 a5 23. Na4 b5 24. Nb6 a4 25. Nc1 Bf6 26. b3 axb3 27. axb3 Be7 28. Bxe7 Kxe7 29. c4 b4 30. Nd5+ Bxd5 31. cxd5 Na5 32.
Rxe5+ Kd6 33. Rxe8 Rxe8 34. Nd3 Rb8 35. Nb2 Nxb3 36.
Nc4+ Kc5 37. Ne5 Rd8 38. Nd3+ Kb5 39. Ne5 Nc5 40. d6 b3 41. Kf2 b2 42. Rb1 Na4 43.
Nd3 Rxd6 44. Ke3 Kc4 45. Nxb2+ Nxb2 46. Rxb2 Kd5 47. Rd2+ Ke5 48. Rxd6 Kxd6 49. Kd4 h6 50. f4 Ke6 51. Kc5 Ke7 52. Kd5 Kd7 53. Ke5 Ke7 54.
h3 h5 55. g3 Kf7 56. Kd6 Kf6 57. Kd7 Kf7 58. h4 Kf6 59. Ke8 Ke6 60. Kf8 Kd5 61.
Kg7 Ke4 62. Kxg6 Kf3 63. Kxh5 Kxg3 64. Kg5 Kf3 65. h5 Ke4 66. h6 1-0

[Event "Early-Titled-Tuesday-Blitz-February-13-2024"]
[Site "Chess.com"]
[Date "2024.02.13"]
[Round "4"]
[White "amylazy"]
[Black "lucasran"]
[Result "1-0"]
[WhiteElo "2448"]
[BlackElo "2681"]
[TimeControl "180+1"]
[EndTime "8:44:11 PST"]
[Termination "amylazy won by resignation"]

1. d4 Nf6 2. Nf3 e6 3. e3 b6 4.
Bd3 Bb7 5. O-O c5 6. c4 Be7 7. Nc3 cxd4 8. exd4 d5 9. cxd5 Nxd5 10. Ne5 O-O 11. Qh5 f5 12. Re1 Nd7 13. Nxd5 Bxd5 14. Bf4 Nf6 15. Qh3 Rc8 16. Rad1 Re8 17. Bb5 Rf8 18. Bg5 Rc7 19. Nd3 Bxa2 20. Nf4 Qd6 21. d5 Bxd5 22. Nxe6 Qxe6 23. Rxe6 Bxe6 24. Qe3 Bf7 25. h3 Nd5 26. Qg3 Bxg5 27. Qxg5 Nf6 28. Qxf5 Rc5 29. Qd3 Rd5 30. Qe2 Rxd1+ 31. Qxd1 Ne4 32.
Qd3 Nf6 33. Qa3 h6 34. Qxa7 Kh8 35. Qxb6 Kg8 36. Qd4 Rb8 37. Bd3 Kh8 38. b4 Rb7 39. b5 Rd7 40. Qe3 Ne8 41. b6 Rb7 42. Be4 Rb8 43. b7 Nd6 44. Qf4 Nxe4 45. Qxb8+ Kh7 46. Qf4 Nf6 47. Qf5+ Bg6 48. Qxg6+ Kxg6 49. b8=Q Kf7 50. Qc7+ Kg6 51. g4 Kh7 52. f4 Kg6 53. Qd6 Kh7 54. g5 hxg5 55. fxg5 Nh5 56. Kg2 g6 57. Kf3 Ng7 58.
Kg4 Nf5 59. Qd7+ Ng7 60. Qf7 Kh8 61. Qxg6 Kg8 62. h4 Kh8 63. h5 Ne6 64. Qxe6 1-0

[Event "Early-Titled-Tuesday-Blitz-February-13-2024"]
[Site "Chess.com"]
[Date "2024.02.13"]
[Round "4"]
[White "Attacker_2006"]
[Black "NM_Antelacus"]
[Result "1/2-1/2"]
[WhiteElo "2498"]
[BlackElo "2252"]
[TimeControl "180+1"]
[EndTime "8:44:11 PST"]
[Termination "Game drawn by repetition"]

1. h4 e5 2. h5 d5 3. d4 exd4 4. Qxd4 Nc6 5. Qd1 Bf5 6. Bf4 Nf6 7. e3 h6 8. Nf3 Bd6 9. Bxd6 Qxd6 10. Nc3 a6 11. Qd2 O-O-O 12. O-O-O Ne4 13. Nxe4 Bxe4 14. Bd3 Rhe8 15. Qc3 f6 16. Rd2 Qb4 17. Rhd1 Qxc3 18. bxc3 Bxf3 19. gxf3 Ne7 20. f4 c6 21. Rg1 Ng8 22. Rxg7 Re7 23. Rg6 Rf7 24. Rd1 Ne7 25.
Rxh6 Rg8 26. Bg6 Rfg7 27. f5 Kc7 28. Rh1 Nc8 29. Rh7 Rxh7 30. Bxh7 Rh8 31. Bg6 Kd6 32.
h6 Ke5 33. h7 Nd6 34. Rh6 Ne4 35. f4+ Kd6 36. Kb2 c5 37. Bh5 Ke7 38. Bf3 Kf7 39. c4 Kg7 40. Rg6+ Kxh7 41. cxd5 Nd6 42. Rxf6 Nc4+ 43. Kc3 Nxe3 44. Rf7+ Kh6 45. Rxb7 Nxf5 46.
Rb6+ Kg7 47. d6 Rd8 48. Rxa6 Nxd6 49. Ra7+ Kf6 50. a4 Kf5 51. Rh7 Kxf4 52. Bc6 Ke5 53.
Rh5+ Ke6 54. Rh6+ Ke7 55. Rh5 c4 56. Bb5 Rc8 57. Re5+ Kf6 58. Rd5 Ke6 59. Rd4 Ke5 60.
Rh4 Rc7 61. Bxc4 Ne4+ 62. Kb4 Rb7+ 63. Bb5 Nd6 64. Rh5+ Kd4 65. Rh4+ Ke5 66. Rh5+ Kd4 67. Rh6 Ke5 68. Rh5+ 1/2-1/2

[Event "Early-Titled-Tuesday-Blitz-February-13-2024"]
[Site "Chess.com"]
[Date "2024.02.13"]
[Round "4"]
[White "KarolKacprzak"]
[Black "DenLaz"]
[Result "0-1"]
[WhiteElo "2730"]
[BlackElo "3043"]
[TimeControl "180+1"]
[EndTime "8:44:12 PST"]
[Termination "DenLaz won by resignation"]

1. d4 f5 2. Nf3 Nf6 3. g3 g6 4. Bg2 Bg7 5. O-O O-O 6. c4 d6 7. Nc3 c6 8. Re1 Na6 9. e4 fxe4 10. Nxe4 Nxe4 11. Rxe4 Bf5 12. Re1 e5 13. dxe5 dxe5 14. Qxd8 Raxd8 15. Bg5 Rde8 16. Be3 Nb4 17. Bc5 Nc2 18.
Bxf8 Kxf8 19. Ng5 h6 20. Ne4 Nxa1 21. Rxa1 Rd8 22. Re1 Rd4 23. b3 Ke7 24. Bf3 a5 25. Kg2 Kd8 26. h3 Bf8 27. g4 Be6 28. Ng3 Bd6 29. Be4 Bf7 30. Re2 Be7 31. Bf3 Bf6 32. Ne4 Ke7 33. Nc5 b6 34. Ne4 Be8 35. Rd2 Bg5 36.
Re2 Bf4 37. h4 Bd7 38. g5 hxg5 39. Nxg5 Kf6 40. Ne4+ Ke7 41. h5 gxh5 42. Bxh5 a4 43. Bf3 a3 44. Rc2 Bf5 45. Re2 Kd7 46. Kg1 Kc7 47.
Kg2 Rd1 48. Rc2 Rb1 49. c5 Rb2 50. cxb6+ Kxb6 51. Rc4 Bxe4 52. Bxe4 Rxa2 53. Ra4 Bc1 54. b4 Rd2 55. Ra8 a2 56. Bf5 Kb7 57. Ra4 Rb2 58. Be6 Rxb4 59. Rxa2 Bf4 60. Re2 Kc7 61. Rc2 Kd6 62. Bg4 c5 63. Ra2 c4 64. Bf5 c3 65.
Kf3 Bd2 66. Ra8 Rf4+ 67. Ke2 Rxf5 0-1

[Event "Early-Titled-Tuesday-Blitz-February-13-2024"]
[Site "Chess.com"]
[Date "2024.02.13"]
[Round "4"]
[White "Grandelicious"]
[Black "Lady_Nika"]
[Result "1/2-1/2"]
[WhiteElo "2875"]
[BlackElo "2610"]
[TimeControl "180+1"]
[EndTime "8:44:14 PST"]
[Termination "Game drawn by stalemate"]

1. e4 e6 2. d4 d5 3. exd5 exd5 4. h3 Nf6 5. Nf3 Bd6 6. c4 c6 7. Bd3 O-O 8. O-O Be6 9. c5 Bc7 10. Nc3 Re8 11. Re1 Nbd7 12. Be3 b6 13. b4 a5 14. b5 cxb5 15. Bxb5 bxc5 16. dxc5 Rb8 17. Nd4 Nxc5 18.
Bxe8 Qxe8 19. Nxe6 Nxe6 20. Nxd5 Be5 21. Nxf6+ Bxf6 22. Rb1 Rd8 23. Qb3 Qc6 24. Qb5 Qc2 25. Qxa5 Bc3 26. Qxd8+ Nxd8 27. Bd2 Kf8 28. Bxc3 Qxc3 29.
Rec1 Qa5 30. Rc4 Ke7 31. a4 Ne6 32. g3 Qd5 33. Rc3 Nd4 34. Re3+ Kd6 35. Rb2 Nf3+ 36. Kf1 Qd1+ 37. Kg2 Ne1+ 38. Rxe1 Qxe1 39. Rb3 Qe4+ 40. Kg1 Qxa4 41. Re3 Qd1+ 42. Kg2 f5 43. h4 h6 44. Ra3 g5 45. Ra6+ Ke5 46. Rxh6 gxh4 47. Rxh4 Qd5+ 48. Kg1 Qg8 49. Rf4 Qa8 50. Kh2 Qb7 51.
Kg1 Qc6 52. Kh2 Qd5 53. Kg1 Qg8 54. Kg2 Qg5 55. Kg1 Qh6 56. Kg2 Qg6 57. Kg1 Qh6 58. Kg2 Qxf4 59. gxf4+ Kxf4 60. f3 Kg5 61. f4+ Kxf4 62.
Kf2 Kg4 63. Kg2 f4 64. Kf2 Kf5 65. Kf3 Kg5 66. Kf2 Kg4 67. Kg2 f3+ 68. Kf2 Kf4 69. Kf1 Kg3 70. Kg1 Kg4 71. Kf2 Kf4 72. Kf1 Ke3 73.
Ke1 f2+ 74. Kf1 Kf3 1/2-1/2

[Event "Early-Titled-Tuesday-Blitz-February-13-2024"]
[Site "Chess.com"]
[Date "2024.02.13"]
[Round "4"]
[White "chess123456s"]
[Black "klimkoj"]
[Result "1-0"]
[WhiteElo "2627"]
[BlackElo "2918"]
[TimeControl "180+1"]
[EndTime "8:44:17 PST"]
[Termination "chess123456s won on time"]

1. e4 c6 2. d4 d5 3. e5 Bf5 4. h4 h5 5. Bd3 Bxd3 6. Qxd3 e6 7. Bg5 Qa5+ 8. Nd2 Qa6 9. c4 Nd7 10.
Qc2 Ne7 11. Ngf3 Nf5 12. O-O Be7 13. Bxe7 Nxe7 14. b3 Nf5 15. g3 Qa3 16. c5 O-O 17. Qd1 f6 18. exf6 gxf6 19. Re1 Rae8 20. Qc2 Ng7 21.
Re3 e5 22. b4 Qa6 23. dxe5 fxe5 24.
Ng5 e4 25. Rae1 Nf6 26. Nb3 Ng4 27. R3e2 Ne5 28. Nd4 Qd3 29. Qxd3 Nxd3 30. Rb1 a6 31. a4 Nf5 32. Nxf5 Rxf5 33. f4 e3 34. Rb3 Nxf4 35. gxf4 Rxf4 36. Rbxe3 Rxe3 37. Rxe3 Rxb4 38. Re7 Rxh4 39. Ne6 Re4 40. Rg7+ Kh8 41. Rg6 Rxa4 42. Rh6+ Kg8 43. Rxh5 Rb4 44. Kf2 Kf7 45. Ng5+ Kf6 46.
Nf3 a5 47. Ke3 a4 48. Nd4 a3 49. Rh1 a2 50. Ra1 Rb2 51. Kd3 Ke5 52. Kc3 Rg2 53.
Nc2 Ke4 54. Rxa2 d4+ 55. Kc4 d3 56. Nb4 Rg1 57. Nxd3 1-0

[Event "Early-Titled-Tuesday-Blitz-February-13-2024"]
[Site "Chess.com"]
[Date "2024.02.13"]
[Round "4"]
[White "Mariia89"]
[Black "disciplinedbrat"]
[Result "0-1"]
[WhiteElo "2185"]
[BlackElo "2496"]
[TimeControl "180+1"]
[EndTime "8:44:17 PST"]
[Termination "disciplinedbrat won by checkmate"]

1. d4 Nf6 2. Nf3 e6 3. Bg5 Be7 4. e3 d5 5. Bd3 O-O 6. Nbd2 c5 7. c3 h6 8. Bh4 Nc6 9. Ne5 Nxe5 10. dxe5 Nd7 11. Bxe7 Qxe7 12. f4 f6 13. exf6 Qxf6 14. O-O Qe7 15. e4 b6 16. e5 d4 17. Qg4 Rd8 18. Qg6 Nf8 19. Qg3 Bb7 20. Rad1 dxc3 21. bxc3 Rd7 22. Bb5 Rc7 23. Nf3 c4 24. Nh4 Qc5+ 25.
Rf2 Qxb5 26. f5 Rd7 27. Rdf1 Rd3 28. Qg4 Qxe5 29. f6 g5 30. f7+ Kg7 31. Qxc4 Rad8 32. Qg4 Qe4 33. Qg3 Qxh4 34. Qe5+ Kh7 35. Rf6 Qe4 36.
Qxe4+ Bxe4 37. Re1 Bd5 38. c4 Bxc4 39. h4 Rd1 40.
Kf2 Rxe1 41. Kxe1 Kg7 42. hxg5 hxg5 43. Rf2 Ng6 44. Rc2 Bd5 45. Rc7 Rf8 46. Rxa7 Rxf7 47. Ra3 Nf4 48. g3 Ng2+ 49. Kd2 Rf2+ 50. Kd1 Rf3 51.
Ra4 Rxg3 52. Ra7+ Kf6 53. a4 Ne3+ 54. Kd2 Nc4+ 55. Ke2 g4 56. Kf2 Ra3 57. Ke2 g3 58. a5 Nxa5 59. Ra8 g2 60. Rf8+ Kg7 61. Rf2 g1=Q 62.
Rf1 Bc4+ 63. Kd2 Qd4+ 64. Kc2 Ra2+ 65. Kc1 Qd2+ 66. Kb1 Qb2# 0-1